 Dungeon Sprint DCSS version 0.30-a0-371-gad7725a93e (webtiles) character file.

Game seed: 4888989609084857814

1300000 Kingsmith the Sorcerer (level 15, -46/121 HPs)
             Began as a Djinni Warper on Nov 21, 2022.
             Was an Elder of Makhleb.
             Annihilated by a meat berserker
             ... wielding a +9 battleaxe
              (100 damage)
             ... in the Dungeon (Sprint VIII: "Arena of Blood").
             The game lasted 00:00:58 (13 turns).

Kingsmith the Sorcerer (Djinni Warper)                Turns: 13, Time: 00:00:59

Health: -46/121    AC:  4    Str: 10    XL:     15   Next: 42%
Gold:   0          EV: 18    Int: 21    God:    Makhleb [****..] SH:  0 Dex: 14

rFire   + + .      SeeInvis .    h - +∞ Axe of Woe
rCold   x . .      Faith    .    (shield currently unavailable)
rNeg    . . .      Spirit   .    a - +0 leather armour
rPois   ∞          Reflect  .    (no helmet)
rElec   .          Harm     .    (no cloak)
rCorr   .          Rampage  .    (no gloves)
Will    +....      NoTele   +    (boots unavailable)
Stlth   +.........               (no amulet)
HPRegen 0.40/turn                (no ring)
MPRegen 0.00/turn                (no ring)

@: flying
A: sickness immunity, fire resistance 2, cold vulnerability 1, float, innate
caster, HP casting, extra vitality 1
a: Renounce Religion, Minor Destruction, Lesser Servant of Makhleb, Major
Destruction


You were in the Dungeon.
You worshipped Makhleb.
Makhleb was greatly pleased with you.
You visited 1 branch

Inventory:

Hand Weapons
 h - the +∞ Axe of Woe (weapon)
   (You found it in the Dungeon)
Missiles
 c - 7 boomerangs of dispersal (quivered)
Armour
 a - a +0 leather armour (worn)
Scrolls
 b - 2 scrolls of blinking
Potions
 d - a potion of curing
 e - a potion of heal wounds
 f - a potion of haste
 g - a potion of berserk rage


   Skills:
 + Level 15.7 Fighting
 + Level 11.5 Axes
 + Level 3.0 Throwing
 + Level 8.0 Armour
 + Level 15.0 Dodging
 + Level 13.9 Unarmed Combat
 + Level 23.6 Spellcasting


You had 22 spell levels left.
You knew the following spells:

 Your Spells              Type           Power      Damage    Failure   Level
a - Blink                 Tloc           100%       N/A       0%          2
b - Lesser Beckoning      Tloc           100%       N/A       0%          3
c - Vhi's Electric Charg  Tloc/Air       100%       N/A       0%          3
d - Teleport Other        Tloc           90%        N/A       0%          3
e - Manifold Assault      Tloc           90%        N/A       0%          4
f - Sandblast             Erth           100%       2d20      0%          1
g - Call Imp              Summ           90%        N/A       0%          2
h - Tukima's Dance        Hex            90%        N/A       0%          3
i - Ignite Poison         Fire/Tmut/Pois 90%        N/A       0%          3
j - Summon Ice Beast      Ice/Summ       90%        N/A       0%          4
k - Arcjolt               Conj/Air       45%        1d55      0%          5
l - Eringya's Noxious Bo  Tmut/Pois      45%        N/A       1%          6
Your spell library was empty.

Dungeon Overview and Level Annotations

Branches:
Dungeon (1/1)

Altars:
Makhleb


Innate Abilities, Weirdness & Mutations

You are immune to sickness and miasma.
You are immune to poison.
Your flesh is very heat resistant. (rF++)
You are vulnerable to cold. (rC-)
You float through the air rather than walking.
You learn spells naturally, not from books.
Your magical power is your life essence.
You have superior vitality. (+4 MHP)


Message History

Ouch! That really hurt!
* * * LOW HITPOINT WARNING * * *
A bag of meat comes into view. It is wielding a +9 war axe.
You hear a shout! x5
A bag of meat comes into view. It is wielding a +9 war axe.
You hear a shout! x4
Your Fighting skill gained 2 levels and is now at level 15!
Your Axes skill gained 3 levels and is now at level 11!
Your Armour skill gained 2 levels and is now at level 8!
Your Dodging skill gained 2 levels and is now at level 15!
Your Unarmed Combat skill increases to level 13!
Your Spellcasting skill gained 2 levels and is now at level 23!
You have reached level 15!
Your experience leads to an increase in your attributes!
Increase (S)trength, (I)ntelligence, or (D)exterity?
You feel clever. x2
The power to cast Eringya's Noxious Bog wells up from within.
Spell assigned to 'l'.
Cast which spell? (? or * to list) Space momentarily warps into an impossible shape!
You hit the bag of meat.
You slaughter the bag of meat joyfully.
You kill the bag of meat!
Makhleb accepts your kill.
You can now summon a lesser servant of Makhleb.
You hit the meat berserker but do no damage.
You cleave the meat berserker in twain.
You kill the meat berserker!
Makhleb accepts your kill.
You slash the bag of meat!
You dissect the bag of meat like a pig carcass.
You kill the bag of meat!
Makhleb accepts your kill.
You feel better.
You slash the bag of meat! You chop the bag of meat into pieces.
You kill the bag of meat!
Makhleb accepts your kill.
You can now hurl Makhleb's greater destruction.
The meat berserker hits you with a +9 battleaxe!!!!
Ouch! That really hurt!
You die...

............
...........
...........
..........
#.......# .
#..)...O#
...###.o)....###.
......)@###......
#.....).O_.......
......#.....#....
...o).#_.<._# .
..... #.....#
#........_..)..
........###......
.o.###... ..###.
#... ..#


You could see 2 meat berserkers and 3 bags of meat.

Vanquished Creatures
  3 ogres (D)
  8 orcs (D)
11 creatures vanquished.

Notes
Turn   | Place    | Note
-------+----------+-------------------------------------------
     0 | D        | Found the +∞ Axe of Woe
     0 | D        | Kingsmith the Djinni Warper began the quest for the Orb.
     0 | D        | Kingsmith set off with the following spells memorised:
                  | Blink, Lesser Beckoning, Vhi's Electric Charge, Teleport
                  | Other, Manifold Assault.
     0 | D        | Reached XP level 1. HP: 18/18 MP: 0/0
     1 | D        | Noticed a bag of meat
     3 | D        | Became a worshipper of Makhleb the Destroyer
     5 | D        | Noticed a bag of meat
     6 | D        | Noticed a bag of meat
     7 | D        | Noticed a bag of meat
     7 | D        | Noticed a bag of meat
     8 | D        | Noticed a meat berserker
     9 | D        | Killed a bag of meat
     9 | D        | Noticed a meat berserker
     9 | D        | Noticed a meat berserker
     9 | D        | Noticed a bag of meat
     9 | D        | Noticed a meat berserker
    10 | D        | Reached skill level 10 in Dodging
    10 | D        | Reached skill level 15 in Spellcasting
    10 | D        | Reached XP level 2. HP: 34/34 MP: 0/0
    10 | D        | Reached XP level 3. HP: 40/40 MP: 0/0
    10 | D        | Learned a level 1 spell: Sandblast
    10 | D        | Reached XP level 4. HP: 45/45 MP: 0/0
    10 | D        | Reached XP level 5. HP: 50/50 MP: 0/0
    10 | D        | Learned a level 2 spell: Call Imp
    10 | D        | Reached XP level 6. HP: 57/57 MP: 0/0
    10 | D        | Reached XP level 7. HP: 61/61 MP: 0/0
    10 | D        | Learned a level 3 spell: Tukima's Dance
    10 | D        | Reached XP level 8. HP: 67/67 MP: 0/0
    10 | D        | Reached XP level 9. HP: 73/73 MP: 0/0
    10 | D        | Learned a level 3 spell: Ignite Poison
    10 | D        | Reached XP level 10. HP: 78/78 MP: 0/0
    10 | D        | Reached XP level 11. HP: 84/84 MP: 0/0
    10 | D        | Learned a level 4 spell: Summon Ice Beast
    10 | D        | Killed a bag of meat
    10 | D        | Reached * piety under Makhleb
    10 | D        | Noticed a bag of meat
    10 | D        | Noticed a bag of meat
    11 | D        | Reached skill level 10 in Unarmed Combat
    11 | D        | Reached skill level 17 in Spellcasting
    11 | D        | Reached XP level 12. HP: 49/94 MP: 0/0
    11 | D        | Killed a bag of meat
    11 | D        | Killed a meat berserker
    12 | D        | Reached skill level 21 in Spellcasting
    12 | D        | Reached XP level 13. HP: 104/104 MP: 0/0
    12 | D        | Learned a level 5 spell: Arcjolt
    12 | D        | Reached XP level 14. HP: 111/111 MP: 0/0
    12 | D        | Killed a meat berserker
    12 | D        | Reached ** piety under Makhleb
    12 | D        | Killed a bag of meat
    12 | D        | Killed a bag of meat
    12 | D        | Noticed a bag of meat
    12 | D        | Noticed a meat berserker
    12 | D        | Noticed a bag of meat
    12 | D        | Noticed a bag of meat
    13 | D        | Reached skill level 15 in Fighting
    13 | D        | Reached skill level 15 in Dodging
    13 | D        | Reached skill level 23 in Spellcasting
    13 | D        | Reached XP level 15. HP: 31/121 MP: 0/0
    13 | D        | Learned a level 6 spell: Eringya's Noxious Bog
    13 | D        | Reached *** piety under Makhleb
    13 | D        | Killed a meat berserker
    13 | D        | Reached **** piety under Makhleb
    13 | D        | Annihilated by a meat berserker

Illustrated notes

Levels and vault maps discovered:
D:        meatsprint

Skill      XL: |  1  2  3  4  5  6  7  8  9 10 11 12 13 14 |
---------------+-------------------------------------------+-----
Fighting       | 9 11 13 15 | 15.7
Axes           | 3 4 8 11 | 11.5
Throwing       | 3 |  3.0
Armour         | 2 4 6 8 |  8.0
Dodging        | 10 11 13 15 | 15.0
Unarmed Combat | 9 10 12 13 | 13.9
Spellcasting   | 15 17 21 23 | 23.6

Action                   |  1- 3 |  4- 6 |  7- 9 | 10-12 | 13-15 || total
-------------------------+-------+-------+-------+-------+-------++-------
Melee: Executioner's axe |     1 |       |       |     2 |     5 ||     8
 Cast: Manifold Assault  |       |       |       |       |     1 ||     1

Table legend: (Time is in decaauts)
 A = Elapsed time spent in this place.
 B = Non-inter-level travel time spent in this place.
 C = Inter-level travel time spent in this place.
 D = Time resting spent in this place.
 E = Time spent auto-exploring this place.
 F = Levels seen in this place.
 G = Mean time per level.
                   A        B        C        D        E       F      G
               +--------+--------+--------+--------+--------+-----+--------+
         Total |     15 |     15 |      0 |      0 |      0 |   1 |   15.0 |
       Dungeon |     15 |     15 |      0 |      0 |      0 |   1 |   15.0 |
               +--------+--------+--------+--------+--------+-----+--------+

Top non-repeatable levels by time:
       D: 15 daAuts
